 Dungeon Crawl Stone Soup version 0.30-a0-782-ge64f9170bb (webtiles) character file.

Game seed: 11315481513861506976

433 112233 the Magician (level 6, -2/64 HPs)
             Began as a Demonspawn Fire Elementalist on Feb 25, 2023.
             Was a Follower of Vehumet.
             Splashed by a jelly's acid (6 damage)
             ... on level 4 of the Dungeon.
             The game lasted 00:03:45 (4010 turns).

112233 the Magician (Demonspawn Fire Elementalist)  Turns: 4010, Time: 00:03:46

Health: -2/64      AC:  1    Str:  7 (8)  XL:     6   Next: 67%
Magic:  4/15       EV: 12    Int: 15 (18) God:    Vehumet [*.....]
Gold:   172        SH:  4    Dex: 11 (14) Spells: 11/17 levels left

rFire   . . .      SeeInvis .    r - +1 dagger (venom)
rCold   . . .      Faith    .    (no shield)
rNeg    . . .      Spirit   .    a - +0 robe
rPois   .          Reflect  .    (helmet restricted)
rElec   .          Harm     .    (no cloak)
rCorr   .          Rampage  .    (no gloves)
Will    .....                    m - +2 pair of boots Stlth
                                 (no amulet)
HPRegen 0.30/turn                (no ring)
MPRegen 0.14/turn                (no ring)

@: berserking, corroded, attractive, very slightly contaminated, very quick
A: horns 1, sturdy frame 1, condensation shield
a: Renounce Religion


You were on level 4 of the Dungeon.
You worshipped Vehumet.
Vehumet was aware of your devotion.
You visited 1 branch of the dungeon, and saw 4 of its levels.

You collected 172 gold pieces.

Inventory:

Hand Weapons
 d - a +0 short sword
 r - a +1 dagger of venom (weapon)
Armour
 a - a +0 robe (worn)
 m - a +2 pair of boots (worn)
Magical Staves
 s - a staff of earth
Jewellery
 o - an amulet of reflection
 u - a +6 ring of strength
Scrolls
 b - a scroll of silence {unknown}
 f - a scroll of identify
 g - 4 scrolls of vulnerability
 l - a scroll of enchant armour {unknown}
 p - a scroll of fog {unknown}
 q - a scroll of immolation {unknown}
 t - a scroll of noise {unknown}
 v - 2 scrolls of teleportation {unknown}
 x - a scroll of magic mapping {unknown}
 y - a scroll of blinking {unknown}
Potions
 c - a potion of brilliance
 e - a potion of degeneration
 k - a potion of haste {unknown}
 w - a potion of might
 z - a potion of curing {unknown}


   Skills:
 + Level 1.2 Fighting
 + Level 2.2 Dodging
 - Level 1.8 Stealth
 + Level 6.1 Spellcasting
 + Level 1.7 Conjurations
 - Level 2.7 Fire Magic


You had 11 spell levels left.
You knew the following spells:

 Your Spells              Type           Power      Damage    Failure   Level
a - Foxfire               Conj/Fire      44%        2x1d6     6%          1
b - Scorch                Fire           24%        2d6       7%          2
c - Kindle Blastsparks    Fire/Tloc/Air  14%        2d11      30%         3

Your spell library contained the following spells:

 Spells                   Type           Power      Damage    Failure   Level
 Magic Dart               Conj           36%        1d4       7%          1
 Slow                     Hex            16%        N/A       14%         1
 Inner Flame              Hex/Fire       8%         N/A       26%         3
 Confusing Touch          Hex            4%         N/A       41%         3
 Vampiric Draining        Necr           4%         2d6       41%         3
 Flame Wave               Conj/Fire      11%        2d6       50%         4
 Summon Ice Beast         Ice/Summ       4%         N/A       82%         4
 Freezing Cloud           Conj/Ice/Air   3%         6-21      97%         5
 Summon Mana Viper        Hex/Summ       4%         N/A       99%         5
 Simulacrum               Ice/Necr       2%         N/A       100%        6
 Malign Gateway           Summ/Tloc      2%         N/A       100%        7
 Monstrous Menagerie      Summ           2%         N/A       100%        7
 Summon Horrible Things   Summ           2%         N/A       100%        8
 Polar Vortex             Ice            2%         N/A       100%        9


Dungeon Overview and Level Annotations

Branches:
Dungeon (4/15)
 Temple: D:4-7

Altars:
Okawaru
Vehumet

Shops:
D:1 :

Annotations:
D:2 1 runed translucent door, Crazy Yiuf
D:3 2 transporters, grulll's ghost, amateur BaHu


Innate Abilities, Weirdness & Mutations

You have a pair of small horns on your head.
Your movements are slightly less encumbered by armour. (ER -2)
A meltable shield of frost defends you. (SH +4)


Message History

The jelly is attracted toward you.
Unknown command.
Casting: Scorch (safe; 7% risk of failure)
Confirm with . or Enter, or press ? or * to list all spells.
Flames lash the jelly.
The jelly is heavily wounded.
The jelly's fire resistance burns away.
The giant cockroach completely misses you.
The jelly hits you but does no damage. The giant cockroach closely misses you.
The jelly hits you.
You are splashed with acid!
Unknown command.
Unknown command.
Unknown command.
Casting: Scorch (safe; 7% risk of failure)
Confirm with . or Enter, or press ? or * to list all spells.
Flames lash the goblin.
You kill the goblin!
Vehumet accepts your kill. The giant cockroach barely misses you.
The giant cockroach misses you. The jelly hits you.
You are splashed with acid!
The giant cockroach closely misses you. The jelly hits you.
You are splashed with acid!
* * * LOW HITPOINT WARNING * * *
Unknown command.
Okay, then.
The air fills with toxic fumes!
As you read the scroll labelled BAOTAA OVVO, it crumbles to dust.
It was a scroll of poison.
The jelly is no longer more vulnerable to fire.
The giant cockroach completely misses you.
You block the jelly's attack.
Unknown command.
It was a potion of berserk rage.
A red film seems to cover your vision as you go berserk!
You feel yourself moving faster!
You feel mighty! The giant cockroach closely misses you. The jelly hits you.
* * * LOW HITPOINT WARNING * * *
You are splashed with acid.
You die...

######### §§§§§§§#
§§§§§§#
####.§§§§§# #...#
§§§§# #...# #J§§#
#...###@§§#
#§§§§WB##§#
#§§§§Jg# #
#§§§§§§#
#######+##+##'##
##.....#..##..#.##
#......#...##.#..#
#......##...##)###
#......# #.(#..#


You could see a phantom, 2 jellies, a giant cockroach and a hobgoblin.

Vanquished Creatures
  Grinder (D:3)
  A phantom (D:4)
  An orc wizard (D:4)
  5 adders
  A worm (D:3)
  4 dart slugs
  4 orcs
  6 ball pythons
  6 endoplasms
  9 giant cockroaches
  7 goblins
  6 hobgoblins
  6 jackals
  3 quokkas
  4 bats
  A frilled lizard (D:1)
  2 kobolds (D:4)
  11 rats
78 creatures vanquished.

Vanquished Creatures (others)
  276 foxfires
  6 plants (D:3)
282 creatures vanquished.

Grand Total: 360 creatures vanquished

Notes
Turn   | Place    | Note
-------+----------+-------------------------------------------
     0 | D:1      | 112233 the Demonspawn Fire Elementalist began the quest for
                  | the Orb.
     0 | D:1      | Reached XP level 1. HP: 13/13 MP: 3/3
   342 | D:1      | Gained mutation: Your movements are slightly less
                  | encumbered by armour. (ER -2) [demonic ancestry]
   342 | D:1      | Reached XP level 2. HP: 19/19 MP: 3/5
   546 | D:1      | Found Nothoe's Book Shoppe.
   833 | D:1      | Learned a level 2 spell: Scorch
   853 | D:1      | Reached skill level 3 in Spellcasting
  1056 | D:1      | Reached XP level 3. HP: 8/24 MP: 1/7
  1899 | D:2      | Found a radiant altar of Vehumet.
  1918 | D:2      | Became a worshipper of Vehumet
  2207 | D:2      | Found a runed translucent door.
  2208 | D:2      | Noticed Crazy Yiuf
  2297 | D:3      | Found a transporter.
  2297 | D:3      | Found a transporter.
  2508 | D:3      | Noticed Grinder
  2518 | D:3      | Killed Grinder
  2519 | D:3      | Reached skill level 5 in Spellcasting
  2519 | D:3      | Reached XP level 4. HP: 10/30 MP: 7/11
  2519 | D:3      | Gained mutation: You have a pair of small horns on your
                  | head. [demonic ancestry]
  2519 | D:3      | Reached XP level 5. HP: 12/35 MP: 8/13
  2523 | D:3      | Gained mutation: A meltable shield of frost defends you.
                  | (SH +4) [demonic ancestry]
  2523 | D:3      | Reached XP level 6. HP: 15/41 MP: 7/14
  2882 | D:3      | Reached * piety under Vehumet
  2882 | D:3      | Offered knowledge of Magic Dart by Vehumet.
  3179 | D:3      | Noticed grulll's ghost (amateur BaHu)
  3382 | D:4      | Learned a level 3 spell: Kindle Blastsparks
  3485 | D:4      | Reached skill level 6 in Spellcasting
  3555 | D:4      | Found an iron altar of Okawaru.
  3760 | D:4      | Reached skill level 1 in Fighting
  3858 | D:4      | HP: 2/43 [frozen (1)]
  4010 | D:4      | Splashed by a jelly's acid

Illustrated notes

Levels and vault maps discovered:
D:1:      minmay_arrival_cross, layout_loops_ring, serial_shops, shop,
          minmay_ruptured
D:2:      layout_loops_ring, basic_altar, fountainhead, uniq_crazy_yiuf_cottage
D:3:      layout_basic, gammafunk_ghost_gnarly_gnolls, uniq_grinder
D:4:      minmay_chambers_of_threes, layout_gridville, lemuel_crystal_altar,
          minmay_temple_entry_junction, dreamdust_mushroom_princess

Skill      XL: |  1  2  3  4  5  6 |
---------------+-------------------+-----
Spellcasting   | 3 5 6 |  6.1
Fighting       | 1 |  1.2
Dodging        | 2 |  2.2
Stealth        | |  1.8
Conjurations   | |  1.7
Fire Magic     | |  2.7

Action                     |  1- 3 |  4- 6 || total
---------------------------+-------+-------++-------
  Melee: Short sword       |    14 |       ||    14
         Unarmed           |     2 |       ||     2
         Dagger            |       |     1 ||     1
   Cast: Foxfire           |    75 |    90 ||   165
         Scorch            |     8 |    13 ||    21
    Use: Potion            |     2 |     6 ||     8
         Scroll            |       |     2 ||     2
 Armour: Robe              |    17 |    24 ||    41
  Dodge: Dodged            |    38 |    42 ||    80
  Block: Other             |       |    14 ||    14

Table legend: (Time is in decaauts)
 A = Elapsed time spent in this place.
 B = Non-inter-level travel time spent in this place.
 C = Inter-level travel time spent in this place.
 D = Time resting spent in this place.
 E = Time spent auto-exploring this place.
 F = Levels seen in this place.
 G = Mean time per level.
                   A        B        C        D        E       F      G
               +--------+--------+--------+--------+--------+-----+--------+
         Total |   4009 |   3862 |    147 |    294 |   2943 |   4 | 1002.2 |
       Dungeon |   4009 |   3862 |    147 |    294 |   2943 |   4 | 1002.2 |
               +--------+--------+--------+--------+--------+-----+--------+

Top non-repeatable levels by time:
     D:1: 1521 daAuts
     D:3: 1044 daAuts
     D:2: 775 daAuts
     D:4: 667 daAuts
